Map: Triton LE

Players

pHARM

  • Race: Zerg Zerg
  • League: Platinum
  • Spawn Location: 5:00

Bear - Winner!

  • Race: Terran Terran
  • League: Platinum
  • Spawn Location: 11:00

VOD

Have the link to the VOD?

Description

Time

  • Played on: Sept. 1, 2019, 8:19 a.m.
  • Length: 9:55
Show
View Real Time Build Order
Export as new Build Order

pHARM Zerg 

Build Orders: Hatch First 

Get SALT Encoding   

  12  0:00  Drone  
  13  0:12  Overlord  
  13  0:21  Drone  
  14  0:38  Drone x2  
  16  0:54  Hatchery  
  15  0:58  Drone  
  15  0:59  Drone  
  15  1:02  Drone  
  18  1:15  Spawning Pool  
  18  1:18  Drone  
  18  1:32  Drone  
  18  1:33  Drone  
  18  1:39  Extractor  
  19  1:44  Drone  
  20  1:55  Drone  
  21  2:06  Overlord  
  21  2:10  Queen x2  
  21  2:12  Zergling x2  
  26  2:20  Drone x2  
  28  2:36  Drone x2  
  29  2:49  Drone x4  
  33  2:55  Metabolic Boost  
  33  3:04  Drone x2  
  35  3:13  Overlord x2  
  35  3:25  Lair  
  35  3:27  Drone  
  35  3:30  Queen  
  38  3:45  Drone  
  38  3:46  Drone x5  
  44  3:53  Evolution Chamber  
  43  4:03  Evolution Chamber  
  43  4:04  Roach Warren  
  43  4:08  Extractor  
  40  4:10  Extractor  
  40  4:14  Drone  
  40  4:15  Drone x5  
  45  4:21  Zerg Melee Weapons Level 1  
  45  4:24  Drone  
  45  4:54  Roach x2  
  45  4:55  Roach  
  45  4:56  Overlord x3  
  51  5:04  Glial Reconstitution  
  49  5:40  Hatchery  
  48  5:44  Drone  
  48  5:45  Drone x5  
  54  6:01  Drone  
  55  6:09  Zerg Ground Armor Level 1  
  55  6:21  Baneling Nest  
  54  6:28  Queen  
  56  6:37  Zergling x4  
  56  6:38  Zergling x4  
  60  6:41  Overlord x3  
  60  6:46  Extractor  
  59  6:50  Hydralisk Den  
  58  7:01  Zergling x14  
  65  7:10  Zergling x2  
  66  7:18  Zergling x10, Hatchery  
  66  7:20  Baneling  
  66  7:21  Baneling x15  
  65  7:49  Zergling x12  
  65  7:54  Zergling x2  
  65  7:55  Zergling x2  
  65  7:56  Baneling  
  65  7:58  Baneling x10  
  66  8:05  Grooved Spines  
  64  8:24  Drone x6  
  70  8:44  Zergling x2  
  70  8:45  Zergling x16  
  67  8:51  Hydralisk x3  
  67  9:06  Baneling  
  67  9:07  Baneling x13  
  58  9:53  Hatchery  
Show
View Real Time Build Order
Export as new Build Order

Bear Terran - Winner!

Build Orders: Reaper Expand 

Get SALT Encoding   

  12  0:02  SCV  
  14  0:14  SCV  
  14  0:18  Supply Depot  
  14  0:26  SCV  
  15  0:39  SCV  
  16  0:42  Barracks  
  16  0:47  Refinery  
  16  0:51  SCV  
  17  1:03  SCV  
  18  1:15  SCV  
  19  1:29  Orbital Command  
  19  1:30  Reaper  
  20  1:43  Command Center  
  20  1:55  SCV, Supply Depot  
  21  2:06  Marine  
  21  2:07  SCV  
  23  2:15  Refinery  
  23  2:20  SCV  
  23  2:22  Factory  
  24  2:31  Barracks Reactor  
  24  2:32  SCV  
  25  2:44  SCV  
  26  2:55  Orbital Command  
  26  2:56  SCV, Barracks  
  27  3:08  SCV  
  28  3:19  Barracks Tech Lab  
  28  3:20  SCV, Hellion x2  
  28  3:22  SCV  
  28  3:26  Supply Depot  
  34  3:32  SCV  
  36  3:34  SCV  
  36  3:44  SCV, Stimpack, Barracks Reactor  
  36  3:47  Hellion x2, Starport  
  41  3:49  SCV  
  42  3:56  Supply Depot  
  42  3:58  SCV  
  42  4:01  Marine  
  44  4:04  SCV  
  45  4:12  Hellion x2  
  45  4:13  SCV  
  50  4:22  Marine x2  
  50  4:23  Marine  
  53  4:24  Starport Reactor  
  53  4:26  Command Center  
  53  4:29  SCV  
  54  4:36  Supply Depot  
  54  4:39  SCV  
  54  4:41  Barracks  
  55  4:53  Marine x3  
  55  4:55  SCV  
  55  4:57  Refinery  
  55  4:58  Refinery  
  59  5:01  SCV  
  59  5:03  Engineering Bay  
  59  5:04  Engineering Bay  
  60  5:07  SCV  
  60  5:09  Factory Tech Lab  
  60  5:13  SCV  
  60  5:19  Marine x2  
  60  5:20  Medivac x2, SCV, Marauder  
  69  5:25  SCV  
  69  5:28  Supply Depot  
  70  5:30  Supply Depot  
  70  5:33  Supply Depot  
  70  5:37  SCV x2  
  70  5:40  Armory  
  72  5:43  Orbital Command  
  72  5:45  Combat Shield  
  72  5:48  Barracks Tech Lab  
  72  5:49  SCV  
  73  5:56  Medivac x2  
  77  5:58  Marine x2  
  77  5:59  SCV  
  80  6:07  Marine x2  
  80  6:08  Concussive Shells  
  80  6:10  SCV x2  
  84  6:15  Marine  
  84  6:17  SCV  
  86  6:23  Liberator, Siege Tank, Supply Depot  
  86  6:25  Marauder, SCV, Supply Depot  
  91  6:29  Supply Depot  
  91  6:31  Supply Depot  
  92  6:37  Terran Infantry Weapons Level 1  
  92  6:38  Terran Infantry Armor Level 1, Terran Vehicle Weapons Level 1  
  92  6:43  Marauder  
  99  6:47  Marauder  
  99  6:48  SCV x2  
  99  6:51  Refinery  
  99  6:52  Refinery  
  101  6:55  Supply Depot  
  101  6:58  Supply Depot  
  101  6:59  SCV  
  101  7:00  Marine x2  
  104  7:04  Marauder  
  104  7:08  Marine  
  107  7:10  SCV  
  108  7:17  Marine  
  108  7:18  Marine  
  110  7:26  Marauder x2  
  114  7:35  Marine x2  
  108  7:47  Marauder x2  
  105  7:52  Siege Tank  
  105  7:53  Marine x2  
  105  7:56  Barracks  
  105  7:57  Barracks  
  105  7:58  Barracks  
  108  8:00  Barracks  
  108  8:02  Barracks x2  
  108  8:09  SCV x2, Marauder x2  
  108  8:11  Marine x2  
  109  8:24  Siege Tank  
  109  8:26  SCV  
  113  8:28  SCV x2  
  113  8:29  Marine x2  
  113  8:30  Marauder x2  
  113  8:32  Barracks  
  113  8:34  Barracks  
  121  8:47  Marine x2  
  121  8:48  Marine  
  119  8:49  Marine  
  119  8:51  Marine, Marauder x2  
  126  9:00  Siege Tank  
  126  9:02  Barracks Tech Lab  
  129  9:09  Barracks Tech Lab x3  
  128  9:13  Marauder x2  
  132  9:20  Barracks Tech Lab x2  
  132  9:21  Barracks Tech Lab x2  
  130  9:33  Marine x3, Marauder x2  
  130  9:34  Marauder x2  
  140  9:38  Supply Depot x2  
Tags
 
Add a new tag
Caveats
  • Supply blocks, unpowered buildings, or Contaminate may cause inaccurate times.
  • Supply counts are checked every 10 seconds.